 Dungeon Crawl Stone Soup version 0.27.1 (webtiles) character file.

Game seed: 18151907970277403598

3714 Atelerd the Thaumaturge (level 10, -3/60 HPs)
             Began as an Octopode Earth Elementalist on Sept 1, 2021.
             Was a Follower of Sif Muna.
             Splashed by an orc's acid (8 damage)
             ... on level 8 of the Dungeon.
             The game lasted 00:15:03 (10500 turns).

Atelerd the Thaumaturge (OpEE)                     Turns: 10500, Time: 00:15:03

Health: -3/60      AC:  1    Str:  9    XL:     10   Next: 14%
Magic:  9/22       EV: 15    Int: 29    God:    Sif Muna [*.....]
Gold:   473        SH:  0    Dex: 14    Spells: 21/26 levels left

rFire    . . .     SeeInvis .   z - +7 short sword of Dominance {flame, rElec Will- Str+2 Int+3}
rCold    . . .     Faith    +   (no shield)
rNeg     . . .     Spirit   .   (helmet restricted)
rPois    .         Reflect  .   e - amulet of faith
rElec    +         Harm     .   q - +6 ring of intelligence
rCorr    .         Rampage  .   (no ring)
Will     .....                  (no ring)
Stlth    ++........             (no ring)
HPRegen  0.20/turn              (no ring)
MPRegen  0.18/turn              (no ring)
                                (no ring)
                                (no ring)

@: confused
A: almost no armour, amphibious, 8 rings, camouflage 1, gelatinous body 1,
(nimble swimmer 1), tentacles
a: Renounce Religion, Channel Magic


You were on level 8 of the Dungeon.
You worshipped Sif Muna.
Sif Muna was aware of your devotion.
You visited 2 branches of the dungeon, and saw 9 of its levels.

You collected 473 gold pieces.

Inventory:

Hand Weapons
 f - a +0 short sword
 y - a +1 long sword of freezing
 z - the +7 short sword of Dominance (weapon) {flame, rElec Will- Str+2 Int+3}
   (You found it on level 7 of the Dungeon)

   It burns those it strikes, dealing additional fire damage.
   Str:       It affects your strength (+2).
   Int:       It affects your intelligence (+3).
   rElec:     It insulates you from electricity.
   Will:      It decreases your willpower.
Missiles
 b - 135 stones
 m - a throwing net
Jewellery
 e - an amulet of faith (around mantle)
 q - a +6 ring of intelligence (left tentacle)
Wands
 t - a wand of flame (7)
Scrolls
 a - 2 scrolls of blinking
 h - a scroll of vulnerability
 k - a scroll of fog
 s - 4 scrolls of teleportation
 u - a scroll of immolation {unknown}
 w - a scroll of enchant weapon {unknown}
 x - a scroll of amnesia {unknown}
Potions
 c - a potion of attraction {unknown}
 d - 3 potions of curing {unknown}
 g - 3 potions of ambrosia {unknown}
 i - a potion of heal wounds
 j - 2 potions of magic {unknown}
 l - 2 potions of flight {unknown}
 n - a potion of brilliance {unknown}
 o - 2 potions of invisibility {unknown}
 p - a potion of degeneration {unknown}
 r - a potion of might {unknown}
 v - a potion of mutation {unknown}


   Skills:
 - Level 2.0 Fighting
 - Level 2.0 Short Blades
 - Level 5.0 Dodging
 - Level 6.0 Stealth
 + Level 8.7 Spellcasting
 - Level 4.0 Transmutations
 + Level 7.1 Earth Magic
 - Level 4.0 Invocations


You had 21 spell levels left.
You knew the following spells:

 Your Spells              Type           Power      Damage    Failure   Level
a - Sandblast             Erth           100%       2d20      1%          1
p - Petrify               Tmut/Erth      44%        N/A       4%          4

Your spell library contained the following spells:

 Spells                   Type           Power      Damage    Failure   Level
 Passwall                 Tmut/Erth      36%        N/A       1%          2
 Stone Arrow              Conj/Erth      66%        3d11      3%          3
 Foxfire                  Conj/Fire      48%        2x1d6     4%          1
 Conjure Flame            Conj/Fire      12%        6-21      13%         3
 Inner Flame              Hex/Fire       12%        N/A       13%         3
 Statue Form              Tmut/Erth      29%        N/A       54%         6
 Metabolic Englaciation   Hex/Ice        6%         N/A       75%         5


Dungeon Overview and Level Annotations

Branches:
Dungeon (8/15)             Temple (1/1) D:5
   Lair: D:8-11

Altars:
Ashenzari
Dithmenos
Elyvilon
Gozag
Kikubaaqudgha
Makhleb
Nemelex Xobeh
Qazlal
Ru
Sif Muna
Trog
Uskayaw
Vehumet
Wu Jian
Yredelemnul
Zin
The Shining One
Lugonu

Annotations:
D:3 exclusion: downstairs
D:5 3 runed translucent doors, Kala's ghost, amateur DrTm


Innate Abilities, Weirdness & Mutations

You cannot wear most types of armour.
You are amphibious.
You can wear up to eight rings at the same time.
Your skin changes colour to match your surroundings (Stealth+).
Your rubbery body absorbs attacks. (AC +1, EV +1)
((You are camouflaged near water. (Stealth+)))
You have tentacles for arms and can constrict up to eight enemies at once.


Message History

The kobold brigand is lightly wounded.
You constrict the kobold brigand.
The kobold brigand hits you with a +0 short sword!
You hit the kobold brigand. You burn the kobold brigand.
The kobold brigand is moderately wounded.
You constrict the kobold brigand.
The kobold brigand stops moving altogether!
An orc comes into view. It is wielding a +0 dagger.
The helpless kobold brigand fails to defend itself.
You impale the kobold brigand!! You burn the kobold brigand.
The kobold brigand is severely wounded.
You constrict the kobold brigand.
An orc comes into view.
It is wielding a +0 trident and carrying a wand of acid (3).
The helpless kobold brigand fails to defend itself.
You puncture the kobold brigand! You burn the kobold brigand.
The kobold brigand is almost dead.
You constrict the kobold brigand.
You kill the kobold brigand!
Sif Muna accepts your kill.
The orc shouts!
You hear a shout!
The kobold barely misses you.
Unknown command.
Things that are here:
a +1 short sword of venom; a kobold corpse The kobold throws a stone.
The stone misses you.
The kobold throws a stone.
The stone barely misses you.
You are confused.
The kobold throws a stone.
The stone hits you.
You're too confused to move!
The orc zaps a wand.
The bolt of acid misses the kobold.
The bolt of acid hits you!
You are splashed with acid!
The kobold throws a stone.
The stone misses you.
The orc zaps a wand.
The bolt of acid hits the kobold!
The kobold is splashed with acid.
The acid corrodes the kobold!
The kobold dies!
The bolt of acid hits something!
The acid corrodes something!
Reactivating autopickup.
The bolt of acid hits you!!
* * * LOW HITPOINT WARNING * * *
You are splashed with acid!
You die...

#...# #...#
#...## . #....#
... ######...##
....#.........#
o..>o....[....#
#o))).....#
######@..###
#.....# #...###
#...# #...#
##.#######
###.#......
#.....#
##.#.#.##


You could see 2 orcs.

Vanquished Creatures
  Pikel (D:4)
  Joseph (D:7)
  Psyche (D:8)
  5 dream sheep (D:7)
  2 shadows (D:7)
  Menkaure (D:7)
  An ice beast (D:7)
  An orc warrior (D:7)
  2 sky beasts
  An ogre (D:6)
  A necrophage (D:6)
  A centaur (D:6)
  A lemure (D:3)
  A kobold brigand (D:8)
  A scorpion (D:6)
  A wyvern skeleton (D:5)
  An orc priest (D:7)
  3 hounds
  3 jellies (D:5)
  A bullfrog skeleton (D:6)
  A scorpion zombie (D:5)
  2 orc wizards
  2 iguanas
  6 adders
  4 gnolls (D:4)
  A shadow imp (D:5)
  2 white imps (D:7)
  2 worms
  2 dart slugs (D:1)
  9 orcs
  2 bat zombies (D:6)
  4 endoplasms
  5 giant cockroaches
  9 goblins
  6 hobgoblins
  6 jackals
  6 quokkas
  9 ball pythons
  4 bats
  13 frilled lizards
  8 kobolds
  6 rats
  2 rat zombies (D:6)
141 creatures vanquished.

Vanquished Creatures (others)
  An orc wizard (D:8)
  A kobold (D:8)
  3 plants (D:4)
5 creatures vanquished.

Grand Total: 146 creatures vanquished

Notes
Turn   | Place    | Note
-------+----------+-------------------------------------------
     0 | D:1      | Atelerd the Octopode Earth Elementalist began the quest for
                  | the Orb.
     0 | D:1      | Reached XP level 1. HP: 11/11 MP: 3/3
   437 | D:1      | Reached XP level 2. HP: 10/17 MP: 5/5
   596 | D:1      | Found a faded altar of an unknown god.
  1508 | D:1      | Reached XP level 3. HP: 9/21 MP: 0/6
  2639 | D:2      | Reached XP level 4. HP: 17/27 MP: 8/8
  3495 | D:3      | Found a shadowy altar of Dithmenos.
  3958 | D:3      | Found a burning altar of Makhleb.
  4387 | D:4      | Found a glowing golden altar of the Shining One.
  4398 | D:4      | Reached skill level 3 in Spellcasting
  4399 | D:4      | Reached skill level 1 in Fighting
  4399 | D:4      | Reached XP level 5. HP: 30/33 MP: 6/9
  4924 | D:4      | Learned a level 4 spell: Petrify
  4947 | D:4      | Noticed Pikel
  4947 | D:4      | Noticed a lemure
  4947 | D:4      | Noticed a lemure
  4947 | D:4      | Noticed a lemure
  4948 | D:4      | Noticed a lemure
  4994 | D:3      | Killed a lemure
  5311 | D:4      | Killed Pikel
  5312 | D:4      | Reached skill level 6 in Spellcasting
  5312 | D:4      | Reached XP level 6. HP: 14/39 MP: 3/15
  5312 | D:4      | Reached XP level 7. HP: 16/45 MP: 3/16
  5504 | D:4      | Found a sacrificial altar of Ru.
  5961 | D:5      | Entered Level 5 of the Dungeon
  6303 | D:5      | Found a runed translucent gate.
  6304 | D:5      | Found a runed translucent gate.
  6305 | D:5      | Found a runed translucent gate.
  6306 | D:5      | Noticed Kala's ghost (amateur DrTm)
  6388 | D:5      | Found a staircase to the Ecumenical Temple.
  6532 | Temple   | Entered the Ecumenical Temple
  6680 | Temple   | Became a worshipper of Sif Muna the Loreminder
  6830 | D:5      | Found a sparkling altar of Nemelex Xobeh.
  6965 | D:5      | Reached XP level 8. HP: 47/50 MP: 18/18
  7122 | D:5      | Reached skill level 1 in Invocations
  7420 | D:5      | Reached skill level 7 in Spellcasting
  7745 | D:6      | Found an ancient bone altar of Kikubaaqudgha.
  7973 | D:6      | Reached skill level 1 in Short Blades
  8455 | D:6      | Found a hide-covered altar of Uskayaw.
  8830 | D:7      | Reached * piety under Sif Muna
  8871 | D:7      | Reached skill level 5 in Stealth
  8871 | D:7      | Reached XP level 9. HP: 19/54 MP: 14/19
  9261 | D:7      | Noticed Joseph
  9284 | D:7      | Killed Joseph
  9621 | D:7      | Reached skill level 5 in Earth Magic
  9731 | D:7      | Identified the +7 short sword of Dominance {flame, rElec
                  | Will- Str+2 Int+3}
  9738 | D:7      | Noticed Menkaure
  9753 | D:7      | Killed Menkaure
  9941 | D:7      | Reached skill level 8 in Spellcasting
  9949 | D:7      | Reached skill level 5 in Dodging
 10083 | D:7      | Reached XP level 10. HP: 60/60 MP: 17/22
 10106 | D:7      | Found the +5 robe of Night {Dark Will+ SInv}
 10202 | D:7      | Found a broken altar of Ashenzari.
 10356 | D:8      | Noticed Psyche
 10369 | D:8      | Killed Psyche
 10500 | D:8      | Splashed by an orc's acid

Illustrated notes

Levels and vault maps discovered:
D:1:      lemuel_arrival_room, layout_loops_ring, shapermc_ecumenical_altar_gd
D:2:      layout_basic
D:3:      layout_basic, mainiacjoe_overflow_small_starburst,
          mainiacjoe_overflow_alcove_1, st_stairs_13
D:4:      layout_loops_ring, kennysheep_little_box, kennysheep_mini,
          minmay_lizard_king, uniq_crazy_yiuf_cottage, uniq_pikel
D:5:      layout_cave_pods, nemelex_diamond_rough_becter,
          minmay_temple_entry_glass, gammafunk_ghost_necromancy
D:6:      layout_rooms, lemuel_zombie_altar_kikubaaqudgha,
          nicolae_uskayaw_suspiria
D:7:      layout_loops_ring, mainiacjoe_overflow_surrounded_room,
          hellmonk_guarded_unrand_night, uniq_menkaure, uniq_joseph
D:8:      layout_loops_cross, fedhas_altar_1, worldfamousw_hep_ancestral_shrine,
          serial_shops, shop, uniq_psyche
Temple:   corrupted_temple

Skill      XL: |  1  2  3  4  5  6  7  8  9 10 |
---------------+-------------------------------+-----
Transmutations | 2 3 4 |  4.0
Spellcasting   | 3 6 7 8 |  8.7
Fighting       | 1 2 |  2.0
Earth Magic    | 4 6 7 |  7.1
Invocations    | 3 4 |  4.0
Stealth        | 5 6 |  6.0
Short Blades   | 1 2 |  2.0
Dodging        | 3 5 |  5.0

Action                   |  1- 3 |  4- 6 |  7- 9 | 10-12 || total
-------------------------+-------+-------+-------+-------++-------
Melee: Unarmed           |    40 |       |       |       ||    40
       Constrict         |    22 |    14 |    32 |     2 ||    70
       Tentacles         |    18 |    11 |    31 |     2 ||    62
       Short sword       |    55 |    63 |   178 |     9 ||   305
       Long sword        |       |       |    22 |       ||    22
 Cast: Sandblast         |    12 |    37 |    32 |       ||    81
       Petrify           |       |     1 |    34 |     9 ||    44
Evoke: Wand              |       |       |     3 |       ||     3
  Use: Scroll            |       |       |     5 |       ||     5
 Stab: Sleeping          |     8 |    12 |     5 |       ||    25
       Petrified         |       |    15 |    92 |     5 ||   112
       Petrifying        |       |       |     2 |     1 ||     3
Armor: Skin              |    11 |     2 |    10 |       ||    23
Dodge: Dodged            |    65 |    44 |    74 |     7 ||   190
